 Dungeon Crawl Stone Soup version 0.22.1-2-g9c5b331 (webtiles) character file.

1673 Fang the Cleaver (level 9, -3/82 HPs)
             Began as a Gargoyle Berserker on Dec 6, 2018.
             Was an Elder of Trog.
             Splashed by a jelly's acid (5 damage)
             ... on level 7 of the Dungeon.
             The game lasted 00:07:51 (5189 turns).

Fang the Cleaver (Gargoyle Berserker)               Turns: 5189, Time: 00:07:51

Health: -3/82      AC: 17    Str: 29    XL:     9   Next: 1%
Magic:  9/9        EV: 12    Int:  8    God:    Trog [****..]
Gold:   278        SH:  0    Dex: 12    Spells: 8/8 levels left

rFire    . . .     SeeInvis .   a - +0 hand axe
rCold    . . .     Gourm    .   (no shield)
rNeg     + + .     Faith    .   r - +0 plate armour
rPois    ∞         Spirit   .   B - +1 helmet
rElec    +         Reflect  .   (no cloak)
rCorr    .         Harm     .   (no gloves)
MR       .....                  (no boots)
Stlth    ..........             (no amulet)
HPRegen  0.23/turn              s - +3 ring of evasion
MPRegen  0.11/turn              w - ring "Koasalumn" {rN+ Dex+3}

@: berserking (expiring), corroded, very quick
A: negative energy resistance 1, electricity resistance, unbreathing,
petrification resistance, rot immunity, AC +6
a: Berserk, Trog's Hand, Brothers in Arms, Renounce Religion


You were on level 7 of the Dungeon.
You worshipped Trog.
Trog was greatly pleased with you.
You were very hungry.

You visited 2 branches of the dungeon, and saw 8 of its levels.

You collected 278 gold pieces.

Inventory:

Hand Weapons
 a - a +0 hand axe (weapon)
Armour
 r - a +0 plate armour (worn)
 B - a +1 helmet (worn)
Jewellery
 s - a +3 ring of evasion (left hand)
 w - the ring "Koasalumn" (right hand) {rN+ Dex+3}
   (You took it off an orc on level 5 of the Dungeon)

   [ring of positive energy]

   It affects your dexterity (+3).
   It protects you from negative energy.
Wands
 m - a wand of polymorph (17)
Scrolls
 b - 4 scrolls of magic mapping {unknown}
 d - 7 scrolls of identify {unknown}
 e - 4 scrolls of remove curse {unknown}
 f - 4 scrolls of amnesia {unknown}
 h - a scroll of random uselessness {unknown}
 i - 2 scrolls of teleportation {unknown}
 j - a scroll of blinking {unknown}
 k - 3 scrolls of enchant armour {unknown}
 q - a scroll of noise {unknown}
 y - a scroll of fog {unknown}
 z - a scroll of holy word {unknown}
 A - a scroll of fear {unknown}
 C - a scroll of silence {unknown}
Potions
 g - 4 potions of heal wounds {unknown}
 l - 2 potions of resistance {unknown}
 n - 2 potions of degeneration {unknown}
 o - 3 potions of might {unknown}
 p - a potion of curing {unknown}
 t - a potion of mutation {unknown}
 u - 2 potions of brilliance {unknown}
 v - a potion of agility {unknown}
 x - a potion of lignification {unknown}
 E - a potion of flight {unknown}
Comestibles
 c - 11 rations
 D - 3 chunks of flesh


   Skills:
 + Level 5.9 Fighting
 + Level 8.0 Axes
 + Level 5.3 Armour
 + Level 3.4 Dodging
 + Level 0.2 Stealth


You had 8 spell levels left.
You didn't know any spells.
Your spell library was empty.

Dungeon Overview and Level Annotations

Branches:
Dungeon (7/15)             Temple (1/1) D:4

Altars:
Elyvilon
Kikubaaqudgha
Makhleb
Ru
Uskayaw
Vehumet
The Shining One

Annotations:
D:7 Harold


Innate Abilities, Weirdness & Mutations

You are resistant to torment.
Your stone body is resilient. (AC +6)
You are immune to poison.
You resist negative energy. (rN+)
You are resistant to electric shocks. (rElec)
You can survive without breathing.
You are immune to petrification.
You are immune to rotting.


Message History

You kill the orc priest!
Trog accepts your kill.
You have reached level 9!
Your experience leads to an increase in your attributes!
Your base attributes are Str 23, Int 8, Dex 9.
Increase (S)trength, (I)ntelligence, or (D)exterity?
You feel stronger. The hornet barely misses you.
You miss the hornet.
The hornet is severely wounded.
You closely miss the crimson imp. You slash the jelly!
Your hands burn!
* * * LOW HITPOINT WARNING * * *
The hornet stings you but does no damage.
Harold completely misses you. The jelly misses you.
Unknown command.
You barely miss the hornet.
The hornet is severely wounded.
You hit the crimson imp. You hit the jelly. The acid corrodes you!
Your hands burn!
You die...

##.######..<#
### #..# ##...#
...# ##.##
#.#..# .#..#
#..# #.##.#
...? #.## #.#
.. #...##.# #..
#.. #..#..# ###
### ..
####..5.##.....
##
...<.$.@)......
##.....yJ......
#.###.#@......
.. #. ....... #
#. ....... ##
....... #......
......


You could see Harold, a hornet, a jelly and a crimson imp.

Vanquished Creatures
  An orc warrior (D:6)
  2 ogres (D:4)
  2 centaurs
  2 scorpions
  Dowan (D:6)
  A crimson imp (D:6)
  A howler monkey (D:6)
  2 bullfrog zombies
  6 orc priests
  4 hounds
  3 orc wizards (D:4)
  Jessica (D:3)
  Natasha (thrice) (D:3)
  2 iguanas
  3 worker ants
  2 hound zombies
  A hound skeleton (D:6)
  2 worker ant zombies
  4 gnolls
  11 adders
  2 shadow imps (D:5)
  An ooze (D:2)
  2 adder skeletons
  8 worms
  2 dart slugs
  6 leopard geckos
  19 orcs
  A ball python (D:2)
  9 bats
  5 giant cockroaches
  4 goblins
  12 hobgoblins
  2 jackals (D:2)
  3 kobolds
  4 quokkas
  4 frilled lizards
  A leopard gecko skeleton (D:7)
  6 rats
145 creatures vanquished.

Notes
Turn   | Place    | Note
-------+----------+-------------------------------------------
     0 | D:1      | Fang the Gargoyle Berserker began the quest for the Orb.
     0 | D:1      | Reached XP level 1. HP: 14/14 MP: 1/1
   237 | D:1      | Reached XP level 2. HP: 17/19 MP: 2/2
   899 | D:2      | Reached XP level 3. HP: 24/24 MP: 3/3
   914 | D:2      | Reached skill level 3 in Axes
   990 | D:2      | Reached ** piety under Trog
   990 | D:2      | Reached XP level 4. HP: 27/29 MP: 4/4
  1648 | D:3      | Reached XP level 5. HP: 24/33 MP: 5/5
  1709 | D:3      | Reached skill level 4 in Axes
  1798 | D:3      | Reached XP level 6. HP: 38/39 MP: 6/6
  1824 | D:3      | Noticed Jessica
  1828 | D:3      | Killed Jessica
  1862 | D:3      | Noticed Natasha
  1870 | D:3      | Killed Natasha
  1891 | D:3      | Noticed Natasha
  1893 | D:3      | Reached *** piety under Trog
  1906 | D:3      | Killed Natasha
  2149 | D:3      | Noticed Natasha
  2158 | D:3      | Killed Natasha
  2416 | D:4      | Found a staircase to the Ecumenical Temple.
  2421 | D:4      | Reached skill level 5 in Axes
  2421 | D:4      | Reached XP level 7. HP: 40/44 MP: 7/7
  2560 | Temple   | Entered the Ecumenical Temple
  2621 | D:4      | Reached skill level 5 in Fighting
  3018 | D:4      | Reached skill level 6 in Axes
  3018 | D:4      | Reached XP level 8. HP: 46/49 MP: 8/8
  3208 | D:4      | Found a sacrificial altar of Ru.
  3333 | D:5      | Entered Level 5 of the Dungeon
  3681 | D:5      | Found a radiant altar of Vehumet.
  3685 | D:5      | Got a wavering brass ring
  3783 | D:5      | Identified the ring "Koasalumn" {rN+ Dex+3} (You took it
                  | off an orc on level 5 of the Dungeon)
  3808 | D:5      | Reached **** piety under Trog
  3986 | D:5      | Found an ancient bone altar of Kikubaaqudgha.
  3987 | D:5      | Found a glowing golden altar of the Shining One.
  3989 | D:5      | Found a burning altar of Makhleb.
  3993 | D:5      | Found a hide-covered altar of Uskayaw.
  3993 | D:5      | Found a white marble altar of Elyvilon.
  4074 | D:5      | Reached skill level 7 in Axes
  4286 | D:6      | Reached skill level 5 in Armour
  4583 | D:6      | Noticed Dowan
  4608 | D:6      | Killed Dowan
  4608 | D:6      | Received a gift from Trog
  5172 | D:7      | Noticed Harold
  5172 | D:7      | Noticed a hornet
  5185 | D:7      | Reached skill level 8 in Axes
  5187 | D:7      | Reached XP level 9. HP: 4/55 MP: 9/9
  5188 | D:7      | HP: 2/82 [acid (2)]
  5189 | D:7      | Splashed by a jelly's acid

Skill      XL: |  1  2  3  4  5  6  7  8 |
---------------+-------------------------+-----
Fighting       | 4 5 |  5.9
Axes           | 3 4 5 6 8 |  8.0
Dodging        | 2 3 |  3.4
Armour         | 3 4 5 |  5.3
Stealth        | |  0.2

Action                   |  1- 3 |  4- 6 |  7- 9 || total
-------------------------+-------+-------+-------++-------
Melee: Hand axe          |    93 |   226 |   333 ||   652
Invok: Berserk           |       |     1 |     3 ||     4
  Eat: Chunk             |       |     6 |    11 ||    17
Armor: Animal skin       |    23 |       |       ||    23
       Scale mail        |    28 |   123 |    47 ||   198
       Plate armour      |       |       |   138 ||   138
Dodge: Dodged            |    82 |   127 |   152 ||   361
